Map: Abyssal Reef LE

Players

SamuraiFunn - Winner!

  • Race: Protoss Protoss
  • Spawn Location: 5:00

A.I. 1 (Harder)

  • Race: Protoss Protoss
  • Spawn Location: 11:00

VOD

Have the link to the VOD?

Description

Time

  • Played on: Nov. 3, 2017, 9:53 p.m.
  • Length: 17:31
Show
View Real Time Build Order
Export as new Build Order

SamuraiFunn Protoss - Winner!

Build Orders:  

Get SALT Encoding   

  12  0:01  Probe (Chrono Boost)  
  13  0:13  Probe (Chrono Boost)  
  14  0:23  Probe (Chrono Boost)  
  14  0:24  Pylon  
  16  0:43  Probe (Chrono Boost)  
  16  0:44  Gateway  
  16  0:53  Probe (Chrono Boost)  
  17  0:58  Assimilator  
  17  1:04  Probe (Chrono Boost)  
  18  1:08  Gateway  
  18  1:16  Probe (Chrono Boost)  
  19  1:19  Pylon  
  19  1:27  Probe (Chrono Boost)  
  19  1:32  Assimilator  
  20  1:37  Probe (Chrono Boost)  
  21  1:41  Cybernetics Core  
  21  1:48  Probe (Chrono Boost)  
  21  1:51  Zealot  
  24  1:58  Probe (Chrono Boost)  
  25  2:12  Pylon  
  25  2:14  Pylon  
  25  2:16  Probe (Chrono Boost)  
  25  2:21  Zealot  
  28  2:23  Zealot  
  30  2:33  Twilight Council  
  30  2:40  Probe (Chrono Boost)  
  31  2:44  Warp Gate  
  31  2:51  Gateway  
  31  3:18  Nexus  
  31  3:21  Probe (Chrono Boost)  
  32  3:27  Zealot  
  32  3:33  Zealot  
  36  3:36  Probe (Chrono Boost)  
  37  3:49  Zealot  
  39  4:00  Mothership Core (Chrono Boost)  
  41  4:04  Zealot  
  41  4:07  Zealot  
  45  4:18  Probe (Chrono Boost)  
  46  4:29  Probe (Chrono Boost), Zealot  
  49  4:41  Probe (Chrono Boost), Pylon  
  49  4:45  Pylon  
  50  4:51  Probe (Chrono Boost)  
  51  4:55  Probe (Chrono Boost)  
  52  5:02  Assimilator  
  52  5:05  Assimilator  
  38  5:48  Zealot x3  
  44  5:58  Stargate x2  
  44  6:01  Stargate  
  44  6:05  Robotics Facility  
  44  6:08  Gateway  
  44  6:11  Gateway  
  44  6:12  Gateway  
  44  6:13  Probe x2 (Chrono Boost)  
  46  6:22  Zealot x3  
  52  6:27  Charge  
  52  6:37  Forge  
  52  6:38  Probe x2 (Chrono Boost)  
  54  7:09  Sentry  
  54  7:13  Sentry  
  58  7:16  Zealot x4  
  58  7:21  Void Ray x3  
  78  7:31  Pylon  
  78  7:40  Pylon  
  78  7:44  Pylon  
  78  7:49  Protoss Shields Level 1  
  78  7:51  Pylon  
  78  7:52  Protoss Air Weapons Level 1  
  78  7:53  Pylon  
  78  7:59  Zealot  
  78  8:00  Zealot x3  
  86  8:42  Nexus  
  86  8:49  Void Ray x2  
  94  8:58  Zealot x2  
  94  8:59  Zealot x4  
  96  9:29  Mothership Core (Chrono Boost)  
  86  9:43  Protoss Ground Weapons Level 1  
  86  9:45  Assimilator  
  86  9:50  Assimilator  
  86  9:51  Probe x2 (Chrono Boost)  
  88  9:56  Zealot x3  
  88  9:57  Void Ray x2  
  102  10:02  Probe x2 (Chrono Boost)  
  104  10:12  Probe x2 (Chrono Boost)  
  106  10:23  Probe (Chrono Boost)  
  107  10:30  Void Ray  
  107  10:34  Zealot x2  
  107  10:35  Zealot x2  
  119  10:36  Zealot  
  119  10:37  Zealot  
  119  10:42  Warp Prism  
  125  11:51  Pylon  
  125  11:53  Pylon  
  125  11:55  Pylon  
  125  12:09  Void Ray, Warp Prism  
  125  12:11  Void Ray x2  
  123  12:29  Zealot  
  121  12:30  Zealot x5  
  131  12:53  Void Ray  
  133  13:17  Stalker x5  
  133  13:18  Stalker  
  143  13:32  Warp Prism  
  139  14:08  Warp Prism  
  139  14:09  Void Ray x2  
  149  14:30  Nexus  
  149  14:59  Assimilator  
  149  15:04  Assimilator  
  149  15:07  Pylon  
  149  15:10  Pylon  
  149  15:14  Pylon  
  149  15:19  Pylon  
  149  15:23  Pylon  
  149  15:25  Void Ray  
  153  15:42  Stalker x4  
  161  15:43  Stalker x2  
  165  16:34  Stalker x4  
  165  16:35  Stalker x2  
  177  17:16  Stalker  
  177  17:17  Stalker x4  
Show
View Real Time Build Order
Export as new Build Order

A.I. 1 (Harder) Protoss 

Build Orders:  

Get SALT Encoding   

  12  0:01  Probe (Chrono Boost)  
  13  0:11  Probe (Chrono Boost)  
  14  0:19  Pylon  
  14  0:22  Probe (Chrono Boost)  
  15  0:37  Probe (Chrono Boost)  
  15  0:39  Gateway  
  16  0:46  Assimilator  
  16  0:48  Probe (Chrono Boost)  
  17  0:58  Probe (Chrono Boost)  
  17  1:01  Pylon  
  18  1:09  Probe (Chrono Boost)  
  19  1:23  Probe (Chrono Boost), Zealot  
  20  1:26  Cybernetics Core  
  22  1:43  Gateway  
  22  1:46  Assimilator  
  22  2:01  Stalker  
  22  2:03  Pylon  
  24  2:09  Warp Gate  
  24  2:30  Adept  
  24  2:31  Stalker  
  28  2:47  Pylon  
  28  2:56  Stalker  
  30  2:59  Stalker  
  33  3:06  Probe (Chrono Boost)  
  33  3:17  Probe (Chrono Boost)  
  34  3:20  Pylon  
  34  3:25  Stalker  
  36  3:29  Probe (Chrono Boost), Adept  
  39  3:34  Forge  
  40  3:41  Probe (Chrono Boost)  
  40  3:53  Probe (Chrono Boost), Zealot  
  43  4:04  Probe (Chrono Boost)  
  44  4:36  Protoss Ground Weapons Level 1  
  44  4:41  Adept  
  44  4:43  Gateway  
  46  4:47  Pylon  
  46  4:48  Adept  
  48  5:00  Nexus, Adept  
  50  5:07  Adept  
  52  5:20  Adept  
  54  5:24  Pylon  
  54  5:26  Robotics Facility  
  54  5:27  Sentry  
  54  5:39  Adept  
  46  5:46  Zealot  
  48  5:53  Zealot  
  50  6:01  Adept  
  52  6:08  Adept  
  54  6:13  Observer  
  54  6:15  Probe (Chrono Boost), Sentry  
  58  6:20  Probe (Chrono Boost), Protoss Ground Armor Level 1  
  58  6:22  Stalker  
  62  6:26  Probe (Chrono Boost)  
  62  6:32  Probe (Chrono Boost)  
  63  6:34  Observer  
  63  6:37  Probe (Chrono Boost)  
  65  6:42  Photon Cannon  
  65  6:43  Probe (Chrono Boost)  
  66  6:48  Probe (Chrono Boost)  
  68  6:54  Probe (Chrono Boost)  
  68  6:56  Photon Cannon  
  68  6:59  Pylon  
  68  7:00  Probe (Chrono Boost)  
  69  7:05  Probe (Chrono Boost)  
  70  7:11  Probe (Chrono Boost), Pylon  
  72  7:16  Probe (Chrono Boost)  
  72  7:20  Stargate  
  72  7:22  Probe (Chrono Boost)  
  73  7:25  Twilight Council  
  73  7:27  Probe (Chrono Boost)  
  74  7:33  Probe (Chrono Boost)  
  74  7:35  Photon Cannon  
  75  7:38  Probe (Chrono Boost)  
  75  7:44  Photon Cannon, Probe (Chrono Boost)  
  77  7:49  Probe (Chrono Boost), Forge  
  78  7:55  Probe (Chrono Boost)  
  79  8:16  Assimilator  
  79  8:20  Assimilator  
  79  8:32  Void Ray  
  79  8:33  Warp Prism  
  79  8:38  Stalker x2  
  85  8:43  Pylon  
  85  8:49  Nexus  
  85  9:05  Warp Prism  
  87  9:11  Void Ray  
  91  9:20  Pylon  
  89  9:24  Stalker  
  75  9:34  Sentry  
  63  9:38  Warp Prism  
  63  9:43  Stalker  
  67  9:47  Gateway  
  67  9:52  Zealot  
  69  10:01  Stalker  
  71  10:08  Stargate  
  71  10:11  Stalker  
  71  10:12  Observer  
  71  10:14  Void Ray, Assimilator  
  73  10:15  Robotics Facility  
  78  10:25  Robotics Bay  
  78  10:30  Assimilator  
  78  10:49  Probe (Chrono Boost)  
  79  10:52  Probe (Chrono Boost)  
  80  10:59  Probe (Chrono Boost)  
  80  11:01  Probe (Chrono Boost)  
  80  11:04  Probe (Chrono Boost), Protoss Ground Weapons Level 2  
  83  11:08  Colossus  
  83  11:10  Probe (Chrono Boost)  
  84  11:12  Probe (Chrono Boost)  
  84  11:15  Probe (Chrono Boost)  
  84  11:16  Protoss Ground Armor Level 2  
  92  11:18  Colossus  
  92  11:21  Probe (Chrono Boost)  
  92  11:24  Probe (Chrono Boost)  
  100  11:26  Probe (Chrono Boost)  
  102  11:32  Probe (Chrono Boost)  
  102  11:41  Probe (Chrono Boost)  
  102  11:42  Probe (Chrono Boost)  
  102  11:44  Probe (Chrono Boost), Observer Gravitic Boosters  
  105  11:53  Protoss Air Weapons Level 1  
  105  12:05  Nexus  
  105  12:15  Stalker x2  
  107  12:18  Stalker  
  107  12:20  Stalker  
  93  12:27  Stalker x2  
  70  12:36  Zealot  
  53  12:37  Mothership Core (Chrono Boost), Zealot  
  53  12:48  Stalker  
  53  12:49  Stalker  
  57  12:55  Zealot  
  59  12:59  Stalker  
  61  13:09  Nexus  
  61  13:10  Zealot  
  61  13:11  Stalker  
  44  13:15  Zealot  
  20  13:20  Probe (Chrono Boost)  
  20  13:22  Stalker  
  20  13:25  Probe (Chrono Boost)  
  21  13:29  Stalker  
  21  13:31  Probe (Chrono Boost)  
  19  13:34  Stalker  
  19  13:35  Pylon  
  19  13:37  Probe (Chrono Boost)  
  22  13:43  Probe (Chrono Boost)  
  22  13:44  Stalker  
  22  13:46  Nexus  
  21  13:48  Probe (Chrono Boost), Pylon  
  21  13:54  Probe (Chrono Boost)  
  16  14:04  Probe (Chrono Boost)  
  17  14:23  Probe (Chrono Boost)  
  17  14:24  Probe (Chrono Boost)  
  17  14:34  Probe x2 (Chrono Boost)  
  18  14:50  Probe x2 (Chrono Boost)  
  19  15:03  Probe (Chrono Boost)  
  19  15:04  Probe (Chrono Boost)  
  20  15:09  Stalker  
  22  15:14  Probe (Chrono Boost)  
  18  15:22  Probe (Chrono Boost)  
  18  15:25  Probe (Chrono Boost)  
  9  15:32  Probe (Chrono Boost)  
  8  15:36  Probe (Chrono Boost)  
  8  15:43  Probe (Chrono Boost)  
  7  15:53  Probe (Chrono Boost)  
  9  16:04  Probe (Chrono Boost)  
  9  16:15  Probe (Chrono Boost)  
  9  16:25  Probe (Chrono Boost)  
  8  16:32  Templar Archives  
  7  16:36  Probe (Chrono Boost)  
Tags
 
Matchup
PvP
Replay Pack
First 100 games
Spawn Locations
Cross Positions
Add a new tag
Caveats
  • Supply blocks, unpowered buildings, or Contaminate may cause inaccurate times.
  • Supply counts are checked every 10 seconds.